 Dungeon Crawl Stone Soup version 0.31.0-11-ge490571c62 (webtiles) character file.

Game seed: 16212196542242840282

1495 qw the Skirmisher (level 8, 0/40 HPs)
             Began as a Spriggan Hunter on Feb 5, 2024.
             Slain by a wight
             ... wielding a +0 hand axe
              (8 damage)
             ... on level 6 of the Dungeon.
             The game lasted 00:01:53 (5464 turns).

qw the Skirmisher (Spriggan Hunter)                 Turns: 5464, Time: 00:01:54

Health: 0/40       AC:  5    Str:  7    XL:     8   Next: 51%
Magic:  9/9        EV: 24    Int: 14    God:
Gold:   189        SH:  0    Dex: 20    Spells: 7/7 levels left

rFire   + + .        a - +0 shortbow
rCold   . . .        (shield currently unavailable)
rNeg    . . .        k - +1 robe of the Furies {Rampage rF+ Will- Int+3}
rPois   .            (helmet restricted)
rElec   .            d - +1 cloak
rCorr   .            (gloves unavailable)
SInv    +            (boots unavailable)
Will    +....        h - amulet of the acrobat
Stlth   ++           j - ring of protection from fire
HPRegen 0.26/turn    o - ring of willpower
MPRegen 0.11/turn

%: acrobat, rampage
@: very quick
A: very small, no large weapons, unfitting armour, see invisible, speed 3,
MP-powered wands
a: no special abilities


You were on level 6 of the Dungeon.
You visited 1 branch of the dungeon, and saw 6 of its levels.

You collected 189 gold pieces.


Innate Abilities, Weirdness & Mutations

You are very small and have problems with some larger weapons.
You are too small for most types of armour.
You have supernaturally acute eyesight. (SInv)
You cover ground extremely quickly. (Speed+++)
You expend magic power (3 MP) to strengthen your wands.


   Skills:
 - Level 3.1 Fighting
 - Level 9.0 Ranged Weapons
 + Level 8.6 Dodging
 - Level 1.5 Stealth


You had 7 spell levels left.
You didn't know any spells.
Your spell library was empty.

Inventory:

Hand Weapons
 a - a +0 shortbow (weapon)
Armour
 d - a +1 cloak (worn)
 k - the +1 robe of the Furies (worn) {Rampage rF+ Will- Int+3}
   (You found it on level 4 of the Dungeon)

   Int+3:     It affects your intelligence (+3).
   rF+:       It protects you from fire.
   Will-:     It decreases your willpower.
   Rampage:   It bestows one free step when moving towards enemies.
Jewellery
 e - an amulet of guardian spirit
 h - an amulet of the acrobat (around neck)
 j - a ring of protection from fire (left hand)
 o - a ring of willpower (right hand)
 p - a ring of fire
Wands
 f - a wand of paralysis (7)
 l - a wand of flame (13)
Potions
 g - a potion of mutation
 i - a potion of curing
 n - a potion of berserk rage {unknown}

Dungeon Overview and Level Annotations

Branches:
Dungeon (6/15)
 Temple: D:4-7

Altars:
Elyvilon
Gozag
Nemelex Xobeh

Shops:
D:2 !

Annotations:
D:5 3 runed translucent doors, qw's ghost, novice SpHu


Message History

The wight completely misses you.
You shoot an arrow. The arrow hits the wight!
You destroy the wight!
Your life force feels restored.
Your Ranged Weapons skill increases to level 9!
You shoot an arrow.
The arrow hits the wight but does no damage.
The wight hits you but does no damage.
You shoot an arrow. The arrow barely misses the wight.
The wight misses you.
You shoot an arrow. The arrow closely misses the wight.
The wight closely misses you.
You shoot an arrow. The arrow hits the wight.
The wight is lightly damaged.
The wight completely misses you.
You shoot an arrow.
The arrow hits the wight but does no damage.
The wight is severely damaged.
The wight completely misses you. The wight barely misses you.
You shoot an arrow.
The arrow hits the wight but does no damage.
The wight is severely damaged.
The wight completely misses you. The wight closely misses you.
You shoot an arrow. The arrow hits the wight!
You destroy the wight!
The wight barely misses you.
You shoot an arrow. The arrow hits the wight!
The wight is severely damaged.
The wight hits you with a +0 hand axe.
You shoot an arrow. The arrow completely misses the wight.
The wight misses you.
You shoot an arrow. The arrow closely misses the wight.
The wight completely misses you.
You shoot an arrow.
The arrow hits the wight but does no damage.
The wight is severely damaged.
The wight misses you.
You shoot an arrow. The arrow closely misses the wight.
The wight hits you with a +0 hand axe!
You die...

##..##.... #...#....[
#........ ##.......
....... .......##
....... #....[.##
#...... ##.......##
#......##....)....#
#......#.....#@...#
#.....(.....z##..#
#...........z.##.#
#.....<...........#
#.....##...........!#
..... #..#####......#
.#.. ##.# #.... . #.
#.## #... #. #..# ..


You could see 2 wights.

Vanquished Creatures
  Sigmund (D:4)
  An ice beast (D:6)
  2 centaurs (D:5)
  A phantom (D:4)
  3 scorpions (D:5)
  3 wights (D:6)
  2 jellies
  2 orc priests (D:3)
  A bombardier beetle (D:4)
  2 hounds
  A sleepcap (D:4)
  5 iguanas
  3 orc wizards
  Ijyb (D:3)
  7 adders
  A white imp (D:4)
  6 ribbon worms
  2 dart slugs
  15 orcs
  9 ball pythons
  8 endoplasms
  5 giant cockroaches
  7 goblins
  10 hobgoblins
  2 quokkas
  4 bats
  6 frilled lizards
  7 kobolds
  3 rats
120 creatures vanquished.

Vanquished Creatures (others)
  An orc priest (D:5)
1 creature vanquished.

Grand Total: 121 creatures vanquished

Notes
Turn   | Place    | Note
-------+----------+-------------------------------------------
     0 | D:1      | qw the Spriggan Hunter began the quest for the Orb.
     0 | D:1      | Reached XP level 1. HP: 10/10 MP: 2/2
     0 | D:1      | 0 ||| qw: Version: 0.3-a-160-g6735b56
     0 | D:1      | 0 ||| qw: Game counter: 6238
     0 | D:1      | 0 ||| qw: Melee chars always use a shield: true
     0 | D:1      | 0 ||| qw: God list: Okawaru
     0 | D:1      | 0 ||| qw: Allow faded altars: false
     0 | D:1      | 0 ||| qw: Do Orc after clearing Dungeon:15 true
     0 | D:1      | 0 ||| qw: Do second Lair branch before Depths: true
     0 | D:1      | 0 ||| qw: Lair rune preference: random
     0 | D:1      | 0 ||| qw: Goals: Normal
     0 | D:1      | 0 ||| PLANNING D:1-11
    20 | D:1      | 20 ||| DROPPING scroll of butterflies.
   106 | D:1      | Reached skill level 3 in Dodging
   320 | D:1      | Reached XP level 2. HP: 12/14 MP: 3/3
  1131 | D:1      | 1131 ||| READING scroll labelled WYNAMUMNAN.
  1132 | D:1      | 1132 ||| READING scroll labelled OBUGUPHUMU.
  1133 | D:1      | 1133 ||| READING scroll labelled JUUZIF XULYMAIZXO.
  1169 | D:2      | Found Atauphuo's Distillery.
  1187 | D:2      | Reached XP level 3. HP: 11/18 MP: 4/4
  1223 | D:2      | 1223 ||| SHOPLISTING potion of enlightenment (65 gold, have
                  | 35).
  1223 | D:2      | 1223 ||| SHOPLISTING potion of haste (130 gold, have 35).
  1223 | D:2      | 1223 ||| SHOPLISTING potion of heal wounds (65 gold, have
                  | 35).
  1223 | D:2      | 1223 ||| SHOPLISTING potion of mutation (104 gold, have
                  | 35).
  1815 | D:2      | Reached skill level 5 in Ranged Weapons
  1895 | D:2      | 1895 ||| UPGRADING to +0 cloak.
  1900 | D:2      | 1900 ||| UPGRADING to amulet of the acrobat.
  1905 | D:2      | 1905 ||| READING scroll labelled SOCEDY PIUNA.
  1937 | D:3      | 1937 ||| FLEEEEING.
  1938 | D:3      | 1938 ||| FLEEEEING.
  1940 | D:3      | 1940 ||| FLEEEEING.
  1941 | D:3      | 1941 ||| STAIRDANCE
  2026 | D:3      | Reached XP level 4. HP: 22/22 MP: 5/5
  2142 | D:3      | Reached XP level 5. HP: 10/26 MP: 6/6
  2273 | D:3      | 2273 ||| Stepping randomly (stuck).
  2284 | D:3      | 2284 ||| Stepping randomly (stuck).
  2292 | D:3      | HP: 6/26 [ribbon worm (6)]
  2293 | D:3      | 2293 ||| READING scroll of teleportation.
  2703 | D:3      | Noticed Ijyb
  2719 | D:3      | Killed Ijyb
  2720 | D:3      | Reached skill level 6 in Ranged Weapons
  2870 | D:3      | Found a white marble altar of Elyvilon.
  2978 | D:3      | Reached XP level 6. HP: 25/30 MP: 7/7
  3164 | D:3      | 3164 ||| UPGRADING to ring of protection from fire.
  3165 | D:3      | 3165 ||| READING scroll labelled VAEHUL DARASEA.
  3165 | D:3      | 3165 ||| IDENTIFYING fizzy dark potion
  3166 | D:3      | 3166 ||| READING scroll labelled KOSIX RUZAL.
  3267 | D:3      | 3267 ||| DROPPING potion of ambrosia.
  3309 | D:4      | HP: 6/30 [burnt (3)]
  3341 | D:4      | 3341 ||| FLEEEEING.
  3342 | D:4      | 3342 ||| STAIRDANCE
  3415 | D:4      | Found a sparkling altar of Nemelex Xobeh.
  3553 | D:4      | Reached skill level 6 in Dodging
  3588 | D:4      | Identified the +1 robe of the Furies {Rampage rF+ Will-
                  | Int+3}
  3622 | D:4      | Noticed Sigmund
  3623 | D:4      | 3623 ||| RETREEEEATING.
  3625 | D:4      | 3625 ||| RETREEEEATING.
  3628 | D:4      | 3628 ||| RETREEEEATING.
  3629 | D:4      | 3629 ||| RETREEEEATING.
  3637 | D:4      | HP: 2/30 [iguana (7)]
  3653 | D:4      | HP: 2/30 [white imp/puff of frost (5)]
  3655 | D:4      | 3655 ||| ZAPPING wand of flame (21) at 1,-2 (Sigmund;
                  | open_door).
  3656 | D:4      | 3656 ||| ZAPPING wand of flame (20) at 1,-2 (Sigmund;
                  | open_door).
  3657 | D:4      | 3657 ||| ZAPPING wand of flame (19) at 1,-2 (Sigmund;
                  | open_door).
  3658 | D:4      | 3658 ||| ZAPPING wand of flame (18) at 1,-2 (Sigmund;
                  | open_door).
  3659 | D:4      | 3659 ||| ZAPPING wand of flame (17) at 1,-2 (Sigmund;
                  | open_door).
  3660 | D:4      | 3660 ||| ZAPPING wand of flame (16) at 1,-2 (Sigmund;
                  | open_door).
  3661 | D:4      | 3661 ||| ZAPPING wand of flame (15) at 1,-2 (Sigmund;
                  | open_door).
  3662 | D:4      | 3662 ||| ZAPPING wand of flame (14) at 1,-2 (Sigmund;
                  | open_door).
  3662 | D:4      | Killed Sigmund
  3663 | D:4      | Reached skill level 7 in Ranged Weapons
  3663 | D:4      | Reached XP level 7. HP: 5/35 MP: 8/8
  3711 | D:4      | HP: 6/35 [iguana (9)]
  4138 | D:4      | 4138 ||| UPGRADING to +1 robe of the Furies {Rampage rF+
                  | Will- Int+3}.
  4148 | D:4      | 4148 ||| DROPPING +0 robe.
  4149 | D:4      | 4149 ||| UPGRADING to ring of willpower.
  4150 | D:4      | 4150 ||| READING 2 scrolls labelled ELOSAGYHE.
  4151 | D:4      | 4151 ||| DROPPING scroll of fog.
  4192 | D:5      | Entered Level 5 of the Dungeon
  4198 | D:5      | 4198 ||| STAIRDANCE
  4244 | D:5      | 4244 ||| STAIRDANCE
  4321 | D:5      | 4321 ||| STAIRDANCE
  4331 | D:4      | HP: 5/35 [orc/+0 hand axe (4)]
  4457 | D:5      | 4457 ||| STAIRDANCE
  4493 | D:5      | 4493 ||| STAIRDANCE
  4497 | D:5      | 4497 ||| STAIRDANCE
  4523 | D:5      | 4523 ||| STAIRDANCE
  4543 | D:5      | 4543 ||| STAIRDANCE
  4589 | D:5      | 4589 ||| STAIRDANCE
  4659 | D:5      | Reached skill level 8 in Ranged Weapons
  4736 | D:5      | Reached skill level 3 in Fighting
  4736 | D:5      | Reached XP level 8. HP: 31/40 MP: 9/9
  4901 | D:5      | Found a runed translucent gate.
  4902 | D:5      | Found a runed translucent gate.
  4902 | D:5      | Found a runed translucent gate.
  4902 | D:5      | Found an opulent altar of Gozag.
  4904 | D:5      | Noticed qw's ghost (novice SpHu)
  4904 | D:5      | Noticed a troll
  5236 | D:5      | 5236 ||| FLEEEEING.
  5238 | D:5      | 5238 ||| FLEEEEING.
  5239 | D:5      | 5239 ||| FLEEEEING.
  5240 | D:5      | 5240 ||| FLEEEEING.
  5241 | D:5      | 5241 ||| FLEEEEING.
  5305 | D:5      | 5305 ||| READING scroll labelled WOIL MOAMUT.
  5306 | D:5      | 5306 ||| READING scroll labelled GERHYITEANT.
  5306 | D:5      | 5306 ||| ENCHANTING +0 cloak.
  5307 | D:5      | 5307 ||| DRINKING 2 fizzy ruby potions.
  5307 | D:5      | Gained mutation: You expend magic power (3 MP) to
                  | strengthen your wands. [potion of mutation]
  5308 | D:5      | 5308 ||| DRINKING 2 puce potions.
  5309 | D:5      | 5309 ||| DRINKING 3 silvery potions.
  5310 | D:5      | 5310 ||| DROPPING 2 potions of attraction.
  5320 | D:6      | 5320 ||| STAIRDANCE
  5391 | D:6      | 5391 ||| RETREEEEATING.
  5396 | D:6      | 5396 ||| RETREEEEATING.
  5397 | D:6      | 5397 ||| RETREEEEATING.
  5398 | D:6      | 5398 ||| FLEEEEING.
  5399 | D:6      | 5399 ||| FLEEEEING.
  5400 | D:6      | 5400 ||| FLEEEEING.
  5401 | D:6      | 5401 ||| FLEEEEING.
  5402 | D:6      | 5402 ||| STAIRDANCE
  5433 | D:6      | 5433 ||| RETREEEEATING.
  5434 | D:6      | 5434 ||| RETREEEEATING.
  5435 | D:6      | 5435 ||| RETREEEEATING.
  5436 | D:6      | 5436 ||| RETREEEEATING.
  5437 | D:6      | 5437 ||| RETREEEEATING.
  5438 | D:6      | 5438 ||| RETREEEEATING.
  5439 | D:6      | 5439 ||| RETREEEEATING.
  5440 | D:6      | 5440 ||| RETREEEEATING.
  5453 | D:6      | Reached skill level 9 in Ranged Weapons
  5460 | D:6      | HP: 7/40 [wight/+0 hand axe (6)]
  5464 | D:6      | Slain by a wight

Levels and vault maps discovered:
D:1:      minmay_arrival_stone_box, layout_basic, serial_co_window_serial,
          co_window_cross_1, co_window_paths_b, co_window_of_opportunity_a,
          co_window_corner_a, co_window_paths_a, co_window_corner_cb,
          co_window_corner_cb, co_window_broadway_b, co_window_paths_d,
          co_window_4corner_b, minivault_25, minmay_misc_feat_nine_boxes,
          solitary_fountain
D:2:      layout_loops_ring, serial_shops, shop
D:3:      layout_loops_corners, nicolae_overflow_crystal_walls,
          minmay_crystal_water, minivault_14, uniq_ijyb
D:4:      layout_basic, overflow_temple_1_default, chequers_mini_garden,
          serial_bayou_pond_a, minivault_1, chequers_serial_rivers_small_b,
          nrook_campfire, minmay_three_crescents, uniq_sigmund
D:5:      layout_rooms, ebering_ghost_gozag, moated_statue
D:6:      layout_layer_cave, serial_shops, shop

Skill      XL: |  1  2  3  4  5  6  7  8 |
---------------+-------------------------+-----
Dodging        | 3 4 5 6 7 8 |  8.6
Ranged Weapons | 5 6 7 8 9 |  9.0
Fighting       | 2 3 |  3.1
Stealth        | |  1.5

Action                     |  1- 3 |  4- 6 |  7- 9 || total
---------------------------+-------+-------+-------++-------
   Fire: Shortbow          |   148 |   217 |   198 ||   563
  Evoke: Wand              |       |     8 |       ||     8
    Use: Scroll            |     4 |     3 |     3 ||    10
         Potion            |       |       |     3 ||     3
 Armour: Robe              |    13 |    37 |    56 ||   106
  Dodge: Dodged            |    46 |   109 |   162 ||   317

Table legend:
 A = Non-vault XP
 B = Vault XP
 C = Vault XP percentage of total XP
 D = Non-vault monster count
 E = Vault monster count
 F = Vault count percentage of total count
                 A         B        C        D         E       F
            +---------+---------+-------+---------+---------+-------
      Total |    1723 |     413 |  19.3 |     113 |       8 |   6.6
            +---------+---------+-------+---------+---------+-------
        D:1 |      33 |       0 |   0.0 |      19 |       0 |   0.0
        D:2 |      52 |       0 |   0.0 |      21 |       0 |   0.0
        D:3 |     271 |      36 |  11.7 |      37 |       1 |   2.6
        D:4 |     268 |     377 |  58.4 |      18 |       7 |  28.0
        D:5 |     704 |       0 |   0.0 |      13 |       0 |   0.0
        D:6 |     395 |       0 |   0.0 |       5 |       0 |   0.0
            +---------+---------+-------+---------+---------+-------
